 Dungeon Crawl Stone Soup version 0.20.1-1-g8b1a95d (webtiles) character file.

10142 panicbit the Cleaver (level 11, -3/99 HPs)
             Began as a Minotaur Fighter on Oct 3, 2017.
             Was a High Priest of Okawaru.
             Slain by an unseen horror (8 damage)
             ... on level 10 of the Dungeon.
             The game lasted 00:29:38 (10548 turns).

panicbit the Cleaver (Minotaur Fighter)            Turns: 10548, Time: 00:29:38

Health: -3/99      AC: 13    Str: 25    XL:     11   Next: 32%
Magic:  10/10      EV:  9    Int:  5    God:    Okawaru [*****.]
Gold:   461        SH: 12    Dex: 16    Spells: 10/10 levels left

rFire    . . .     SeeInvis .   M - +1 war axe (elec)
rCold    . . .     Gourm    +   c - +0 shield
rNeg     . . .     Faith    .   h - +0 chain mail
rPois    .         Spirit   .   (helmet restricted)
rElec    .         Reflect  .   (no cloak)
rCorr    .         Harm     .   O - +0 pair of gloves
MR       .....                  (no boots)
Stlth    ..........             H - amulet of the gourmand
Regen    0.3/turn               r - +3 ring of strength
MPRegen  0.2/turn               A - +4 ring of dexterity

@: no status effects
A: retaliatory headbutt, horns 2
a: Heroism, Finesse, Renounce Religion


You were on level 10 of the Dungeon.
You worshipped Okawaru.
Okawaru was extremely pleased with you.
You were completely stuffed.

You visited 2 branches of the dungeon, and saw 11 of its levels.
You also visited: Ossuary.

You collected 461 gold pieces.

Inventory:

Hand Weapons
 M - a +1 war axe of electrocution (weapon)
Armour
 c - a +0 shield (worn)
 h - a +0 chain mail (worn)
 O - a +0 pair of gloves (worn)
Jewellery
 r - a +3 ring of strength (left hand)
 w - a +3 ring of strength
 x - a +4 ring of dexterity
 A - a +4 ring of dexterity (right hand)
 G - an uncursed ring of resist corrosion
 H - an amulet of the gourmand (around neck)
 I - an uncursed ring of teleportation
 K - an uncursed amulet of guardian spirit {unknown}
Wands
 C - a wand of digging (14/24)
Scrolls
 i - 4 scrolls of teleportation
 k - a scroll of magic mapping {unknown}
 n - 5 scrolls of enchant armour
 q - 3 scrolls of random uselessness {unknown}
 u - 2 scrolls of remove curse
 v - a scroll of recharging {unknown}
 y - 2 scrolls of enchant weapon {unknown}
 z - 2 scrolls of fear {unknown}
 B - a scroll of holy word {unknown}
 D - 2 scrolls of amnesia {unknown}
 E - 9 scrolls of identify
 J - 2 scrolls of vulnerability {unknown}
 N - a scroll of noise {unknown}
Potions
 b - 2 potions of flight {unknown}
 e - 4 potions of haste {unknown}
 g - 4 potions of brilliance {unknown}
 j - 3 potions of magic
 m - 5 potions of agility {unknown}
 o - a potion of experience {unknown}
 p - 9 potions of curing {unknown}
 s - 4 potions of mutation {unknown}
 t - 4 potions of berserk rage {unknown}
 F - a potion of degeneration {unknown}
 P - a potion of lignification {unknown}
Comestibles
 a - 8 chunks of flesh
 d - a fruit
 f - 7 bread rations
 l - 13 royal jellies
 L - a meat ration


   Skills:
 + Level 9.6 Fighting
 + Level 13.1 Axes
 + Level 10.7 Armour
 + Level 3.1 Dodging
 + Level 1.3 Stealth
 + Level 9.6 Shields


You had 10 spell levels left.
You didn't know any spells.

Dungeon Overview and Level Annotations

Branches:
Dungeon (10/15)            Temple (1/1) D:4            Lair (0/6) D:10
    Orc (0/2) D:9

Altars:
Ashenzari
Cheibriados
Dithmenos
Elyvilon
Fedhas
Gozag
Hepliaklqana
Kikubaaqudgha
Makhleb
Nemelex Xobeh
Okawaru
Qazlal
Ru
Sif Muna
Trog
Uskayaw
Vehumet
Xom
Yredelemnul
Zin
The Shining One
Beogh

Shops:
D:2 *

Annotations:
D:10 exclusion: 2 oklob plants


Innate Abilities, Weirdness & Mutations

You reflexively headbutt those who attack you in melee.
You have a pair of horns on your head.


Message History

Something hits you!
The two-headed ogre hits you with a giant spiked club!
The two-headed ogre hits you with a giant club!
You hit the two-headed ogre.
Your headbutt misses the two-headed ogre.
The two-headed ogre is severely wounded.
You slash something! Something hits you.
Your chain mail prevents you from hitting the two-headed ogre.
You headbutt the two-headed ogre, but do no damage.
The two-headed ogre is severely wounded.
You slash the bullfrog zombie! You block something's attack.
The bullfrog zombie hits you but does no damage.
The two-headed ogre hits you with a giant spiked club!!
* * * LOW HITPOINT WARNING * * *
You block the two-headed ogre's attack.
The bullfrog zombie hits you but does no damage.
Something hits you.
* * * LOW HITPOINT WARNING * * *
It was a potion of magic.
Magic courses through your body. Something hits you!
You die...

..........<.........##.#.#
......#.............#.#.#.
......#.............##.#.#
...................[.##.#.
.................%.#.#.#
...........(.......###
#..Z.................
#.O....##............
#..@...#....###......
#.....%#...####......
#.....##...##........
#........###.........
###......# #.........
####.....###.........
#..........###........
#.....................
#....#........#.......


You could see a two-headed ogre and a bullfrog zombie.

Vanquished Creatures
  3 two-headed ogres (D:8)
  An unseen horror (D:10)
  Maurice (D:8)
  Grinder (D:5)
  3 hippogriffs
  Grum (D:10)
  3 hungry ghosts
  Menkaure (D:7)
  2 orc warriors (D:7)
  A sky beast (D:8)
  2 ice beasts
  8 ogres
  4 wolves (D:10)
  A phantom (D:9)
  4 centaurs
  A crocodile (D:8)
  6 bullfrogs
  A big kobold (D:7)
  13 scorpions
  24 killer bees
  10 wights (D:9)
  4 crimson imps
  A centaur zombie (D:5)
  5 hounds
  A quasit (D:8)
  4 bullfrog skeletons
  2 human zombies (Ossuary)
  7 orc wizards
  A gnoll shaman (D:9)
  4 orc priests
  A centaur skeleton (D:8)
  A jelly (D:6)
  An iguana (D:7)
  6 worker ants
  A killer bee zombie (D:8)
  A big kobold zombie (Ossuary)
  4 mummies
  Robin (D:4)
  A worker ant zombie (D:9)
  3 gnolls (D:9)
  12 adders
  2 scorpion zombies (Ossuary)
  2 shadow imps
  3 oozes
  An adder skeleton (D:6)
  3 worms
  3 dart slugs
  7 leopard geckos
  40 orcs
  6 giant cockroaches
  13 goblins
  6 hobgoblins
  10 jackals
  8 quokkas
  A ball python (D:2)
  7 bats
  9 frilled lizards
  A gnoll zombie (Ossuary)
  2 goblin zombies (Ossuary)
  3 hobgoblin zombies (Ossuary)
  10 kobolds
  A kobold zombie (Ossuary)
  A leopard gecko zombie (D:8)
  An orc zombie (Ossuary)
  2 quokka skeletons (D:7)
  6 rats
300 creatures vanquished.

Notes
Turn   | Place    | Note
-------+----------+-------------------------------------------
     0 | D:1      | panicbit the Minotaur Fighter began the quest for the Orb.
     0 | D:1      | Reached XP level 1. HP: 19/19 MP: 0/0
   145 | D:1      | Reached XP level 2. HP: 27/27 MP: 1/1
   548 | D:1      | Reached XP level 3. HP: 31/33 MP: 2/2
   943 | D:2      | Found a snail-covered altar of Cheibriados.
   962 | D:2      | Found Gozag's Platinum Reserve.
   972 | D:2      | Reached skill level 3 in Axes
  1107 | D:2      | Reached skill level 1 in Dodging
  1138 | D:2      | Reached XP level 4. HP: 40/40 MP: 3/3
  1179 | D:2      | Found an opulent altar of Gozag.
  1285 | D:3      | Noticed an ogre
  1291 | D:3      | Killed an ogre
  1291 | D:3      | Reached skill level 4 in Axes
  1291 | D:3      | Reached XP level 5. HP: 29/47 MP: 4/4
  1583 | D:3      | Found a shattered altar of Ashenzari.
  1950 | D:4      | Found a staircase to the Ecumenical Temple.
  1959 | Temple   | Entered the Ecumenical Temple
  2032 | Temple   | Became a worshipper of Warmaster Okawaru
  2034 | Temple   | Reached skill level 5 in Shields
  2330 | D:4      | Reached XP level 6. HP: 53/53 MP: 5/5
  2486 | D:4      | Noticed Robin
  2491 | D:4      | Killed Robin
  2563 | D:4      | Reached skill level 5 in Armour
  2567 | D:4      | Reached * piety under Okawaru
  2567 | D:4      | Reached skill level 5 in Axes
  2650 | D:4      | Found a stormy altar of Qazlal.
  2909 | D:5      | Entered Level 5 of the Dungeon
  2974 | D:5      | Reached skill level 5 in Fighting
  2974 | D:5      | Reached XP level 7. HP: 61/61 MP: 6/6
  3403 | D:5      | Reached skill level 6 in Axes
  3479 | D:5      | Noticed Grinder
  3480 | D:5      | Paralysed by Grinder for 4 turns
  3504 | D:5      | Paralysed by Grinder for 6 turns
  3514 | D:5      | Killed Grinder
  4045 | D:5      | Reached skill level 7 in Axes
  4320 | D:6      | Reached XP level 8. HP: 69/69 MP: 7/7
  4442 | D:6      | Reached ** piety under Okawaru
  4442 | D:6      | Reached skill level 8 in Axes
  4674 | D:6      | Reached skill level 9 in Axes
  4711 | D:6      | Found a hazy altar of Hepliaklqana.
  4890 | D:7      | Noticed Menkaure
  4896 | D:7      | Killed Menkaure
  4896 | D:7      | Reached XP level 9. HP: 68/78 MP: 8/8
  4901 | D:7      | Reached *** piety under Okawaru
  4901 | D:7      | Reached skill level 10 in Axes
  5357 | D:7      | Found a sand-covered staircase.
  5365 | Ossuary  | Entered an ossuary
  5437 | Ossuary  | Reached skill level 11 in Axes
  5525 | Ossuary  | Reached **** piety under Okawaru
  5998 | D:7      | Found a white marble altar of Elyvilon.
  6108 | D:8      | Noticed a two-headed ogre
  6116 | D:8      | Killed a two-headed ogre
  6116 | D:8      | Reached XP level 10. HP: 50/88 MP: 9/9
  6537 | D:8      | Noticed Maurice
  6594 | D:8      | Killed Maurice
  6594 | D:8      | Reached ***** piety under Okawaru
  6594 | D:8      | Reached skill level 1 in Stealth
  6718 | D:8      | Reached skill level 12 in Axes
  6945 | D:8      | Noticed a two-headed ogre
  6953 | D:8      | Killed a two-headed ogre
  7216 | D:9      | Received a gift from Okawaru
  7521 | D:9      | Found a staircase to the Orcish Mines.
  7533 | D:9      | Noticed a two-headed ogre
  7809 | D:8      | Killed a two-headed ogre
  7809 | D:8      | Received a gift from Okawaru
  7811 | D:8      | Got a brightly glowing halberd {god gift}
  8172 | D:9      | Found a roughly hewn altar of Beogh.
  8430 | D:9      | Reached XP level 11. HP: 94/97 MP: 10/10
  8525 | D:9      | Found an ancient bone altar of Kikubaaqudgha.
  8813 | D:10     | Entered Level 10 of the Dungeon
  8816 | D:10     | Noticed an oklob plant
  9273 | D:10     | Reached skill level 10 in Armour
  9553 | D:10     | Noticed Grum
  9553 | D:10     | Reached skill level 13 in Axes
  9563 | D:10     | Killed Grum
  9591 | D:10     | Killed an unseen horror
 10452 | D:10     | Found a staircase to the Lair.
 10457 | D:10     | Noticed an oklob plant
 10536 | D:10     | Noticed a two-headed ogre
 10547 | D:10     | HP: 4/99 [something (5)]
 10548 | D:10     | Slain by an unseen horror

Skill      XL: |  1  2  3  4  5  6  7  8  9 10 11 |
---------------+----------------------------------+-----
Fighting       | 4 5 6 8 9 |  9.6
Armour         | 4 5 6 8 9 10 | 10.7
Axes           | 3 4 5 7 9 11 12 13 | 13.1
Shields        | 4 5 6 7 9 |  9.6
Dodging        | 1 2 3 |  3.1
Stealth        | 1 |  1.3

Action                   |  1- 3 |  4- 6 |  7- 9 | 10-12 || total
-------------------------+-------+-------+-------+-------++-------
Melee: War axe           |    93 |   139 |   314 |   322 ||   868
       Headbutt          |     7 |    25 |    69 |    81 ||   182
  Use: Potion            |       |       |     1 |     1 ||     2
       Scroll            |       |       |     5 |     2 ||     7
  Eat: Chunk             |       |     7 |     7 |    36 ||    50
       Fruit             |       |       |     4 |     3 ||     7
Armor: Scale mail        |    16 |       |       |       ||    16
       Chain mail        |    47 |    90 |    92 |   148 ||   377
Dodge: Dodged            |    27 |    40 |    57 |   107 ||   231
Block: Shield            |    58 |    93 |   161 |   253 ||   565
